 Dungeon Crawl Stone Soup version 0.31-a0-816-gd61d57ddb1 (webtiles) character file.

Game seed: 13815363448827036662

2276 mopl the Insei (level 9, -5/59 HPs)
             Began as an Octopode Shapeshifter on Sept 22, 2023.
             Was an Elder of Qazlal.
             Slain by an ogre
             ... wielding a +0 halberd
              (15 damage)
             ... in a bailey.
             The game lasted 00:10:03 (4828 turns).

mopl the Insei (Octopode Shapeshifter)              Turns: 4828, Time: 00:10:04

Health: -5/59      AC:  1    Str: 19    XL:     9   Next: 39%
Magic:  0/12       EV: 15    Int: 12    God:    Qazlal [****..]
Gold:   207        SH:  5    Dex: 16    Spells: 8/8 levels left

rFire   . .          .
                       - Unarmed
rCold   . . .        (no shield)
rNeg    . . .        (helmet currently unavailable)
rPois   .            j - amulet of guardian spirit
rElec   .            k - +6 ring of strength
rCorr   .            (no ring)
SInv    .            (no ring)
Will    .....        (no ring)
Stlth   ++           (no ring)
HPRegen 0.29/turn    (no ring)
MPRegen 0.13/turn    (no ring)
                     (no ring)

%: repel missiles, guardian spirit
@: beast-form
A: beast (slay +3), almost no armour, amphibious, 8 rings, camouflage 1,
gelatinous body 1, nimble swimmer 1, tentacles
a: Begin Untransformation, Renounce Religion, Upheaval, Elemental Force


You were in a bailey.
You worshipped Qazlal.
Qazlal was greatly pleased with you.
You were a hulking beast.
You visited 1 branch of the dungeon, and saw 7 of its levels.
You also visited: Ossuary and Bailey.

You collected 337 gold pieces.
You spent 130 gold pieces at shops.

Inventory:

Missiles
 y - 3 boomerangs
Jewellery
 g - a ring of ice
 j - an amulet of guardian spirit (around mantle)
 k - a +6 ring of strength (left tentacle)
Talismans
 b - a beast talisman (active)
 c - a flux talisman
 d - a storm talisman
Scrolls
 h - 2 scrolls of revelation {unknown}
 n - 3 scrolls of fog {unknown}
 o - a scroll of teleportation {unknown}
 p - 2 scrolls of brand weapon {unknown}
 q - 2 scrolls of enchant armour {unknown}
 r - 3 scrolls of vulnerability {unknown}
 x - 2 scrolls of amnesia {unknown}
Potions
 a - 2 potions of lignification {!q}
 e - 2 potions of brilliance
 f - a potion of magic
 i - a potion of ambrosia
 l - a potion of might
 m - 2 potions of berserk rage {!q}
 s - 3 potions of curing
 t - 2 potions of mutation {!q}
 u - 2 potions of invisibility {unknown}
 v - a potion of enlightenment {unknown}
 w - 2 potions of haste {unknown}


   Skills:
 + Level 4.6 Fighting
 + Level 5.1 Dodging
 * Level 7.2 Unarmed Combat
 + Level 4.6 Invocations
 * Level 6.6 Shapeshifting


You had 8 spell levels left.
You didn't know any spells.
Your spell library contained the following spells:

 Spells                   Type           Power      Damage    Failure   Level
 Foxfire                  Conj/Fire      0%         2x1d4     32%         1
 Magic Dart               Conj           0%         1d3       32%         1
 Sting                    Tmut/Pois      0%         1d3       32%         1
 Call Imp                 Summ           0%         N/A       45%         2
 Poisonous Vapours        Pois/Air       0%         N/A       45%         2
 Mephitic Cloud           Conj/Pois/Air  0%         N/A       69%         3
 Olgreb's Toxic Radiance  Pois           0%         N/A       97%         4
 Plasma Beam              Fire/Air       0%         2x1d10    100%        6
 Starburst                Conj/Fire      0%         6d3       100%        6


Dungeon Overview and Level Annotations

Branches:
Dungeon (7/15)             Temple (0/1) D:6         Ossuary (visited)
 Bailey (1/1)

Altars:
Dithmenos
Elyvilon
Gozag
Qazlal
Xom
Yredelemnul
Zin

Shops:
D:3 ?

Annotations:
D:3 2 runed translucent doors, Tombo's ghost, amateur MiFi


Innate Abilities, Weirdness & Mutations

You are a hulking beast.
Your limbs bulge with bestial killing power. (Slay +3)
You cannot wear most types of armour.
You are amphibious.
You can wear up to eight rings at the same time.
Your skin changes colour to match your surroundings (Stealth+).
Your rubbery body absorbs attacks. (AC +1, EV +1)
You are camouflaged when in or above water. (Stealth+)
You have tentacles for arms and can constrict up to eight enemies at once.


Message History

There is a flagged portal here.
You hear a howl!
The world spins around you as you enter the gateway.
You enter a bailey!
You hear a shout! x2
Found a gate leading back out of this place.
There is an empty arch of ancient stone here.
Saving game... please wait.
Welcome back, mopl the Octopode Shapeshifter.
Qazlal says: Let the forces of nature tear it all down!
Press ? for a list of commands and other information.
Magic restored.
You are no longer corroded.
A spriggan comes into view. It is wielding a +0 spear.
You enter the shallow water. 2 ogres come into view.
The ogre shouts!
The spriggan hits you from afar with a +0 spear!
You hear two shouts!
The spriggan hits you with a +0 spear!
You hear an angry hiss.
You miss the spriggan. You grab the spriggan. You constrict the spriggan.
You tentacle-slap the spriggan. Your squeeze misses the spriggan.
The spriggan is lightly wounded.
You constrict the spriggan.
The spriggan is engulfed in freezing vapours.
The spriggan hits you with a +0 spear!
The ogre hits you from afar with a +0 glaive!!
* * * LOW HITPOINT WARNING * * *
You tentacle-slap the spriggan.
The spriggan is almost dead.
You constrict the spriggan.
The spriggan is engulfed in freezing vapours.
You kill the spriggan!
Qazlal accepts your kill.
The ogre hits you from afar with a +0 glaive!
* * * LOW HITPOINT WARNING * * *
The ogre attacks as it pursues you!
The ogre hits you from afar with a +0 halberd!
You die...

#######
###.....###
##.........##
##...........##
#....∩...∩....#
##...........#
##......§..#
###~~~~§###
#~~O~h# #~~~~~#
#..°☼§○.#
#......°O.#
#..#######..#
#..# ♣..# ..#
#..# .# #.. ..


You could see 2 ogres.

Vanquished Creatures
  A spriggan (Bailey)
  A water moccasin (D:5)
  An orc warrior (D:6)
  A phantom (D:3)
  A bullfrog (D:6)
  2 necrophages (D:6)
  A wyvern zombie (D:6)
  2 scorpions (D:6)
  2 wights (D:6)
  8 water moccasin zombies (Ossuary)
  2 bullfrog zombies (D:6)
  2 centaur zombies (D:6)
  4 hounds
  A human zombie (D:6)
  2 jellies
  2 gnoll boudas
  3 iguanas
  3 orc wizards
  2 sleepcaps (D:6)
  Terence (D:2)
  A killer bee zombie (D:6)
  3 mummies
  4 gnolls (D:5)
  7 adders
  3 white imps (D:5)
  An ufetubus (D:7)
  6 adder zombies (Ossuary)
  A worm (D:2)
  4 dart slugs
  11 orcs
  4 ball pythons
  9 endoplasms
  A giant cockroach (D:3)
  9 hobgoblins
  6 jackals
  4 kobolds
  2 quokkas
  2 bats
  6 frilled lizards
  2 gnoll zombies (Ossuary)
  12 goblins
  2 hobgoblin zombies (Ossuary)
  4 kobold zombies (Ossuary)
  6 orc zombies (Ossuary)
  6 rats
  2 butterflies (D:6)
160 creatures vanquished.

Vanquished Creatures (others)
  A butterfly (D:5)
1 creature vanquished.

Grand Total: 161 creatures vanquished

Notes
Turn   | Place    | Note
-------+----------+-------------------------------------------
     0 | D:1      | mopl the Octopode Shapeshifter began the quest for the Orb.
     0 | D:1      | Reached XP level 1. HP: 13/13 MP: 1/1
   160 | D:1      | Reached XP level 2. HP: 18/18 MP: 2/2
   313 | D:1      | Found a faded altar of an unknown god.
   334 | D:1      | Prayed at the altar of an unknown god.
   334 | D:1      | Became a worshipper of Qazlal Stormbringer
   334 | D:1      | Reached * piety under Qazlal
   841 | D:2      | Reached XP level 3. HP: 23/23 MP: 3/3
   869 | D:2      | Noticed Terence
   876 | D:2      | Killed Terence
   877 | D:2      | Reached XP level 4. HP: 26/28 MP: 2/4
  1204 | D:3      | Noticed a phantom
  1219 | D:3      | Killed a phantom
  1220 | D:3      | Reached skill level 2 in Fighting
  1220 | D:3      | Reached skill level 4 in Unarmed Combat
  1220 | D:3      | Reached skill level 1 in Invocations
  1220 | D:3      | Reached XP level 5. HP: 8/34 MP: 1/5
  1345 | D:3      | Found a runed translucent door.
  1346 | D:3      | Noticed Tombo's ghost (amateur MiFi)
  1394 | D:3      | Identified the +1 helmet of Beemast {Str+2 SInv}
  1404 | D:3      | Found a runed translucent door.
  1487 | D:3      | Reached ** piety under Qazlal
  1617 | D:3      | Found a shadowy altar of Dithmenos.
  1828 | D:3      | Found Xiggos's Magic Scroll Shoppe.
  1831 | D:3      | Bought a scroll of identify for 26 gold pieces
  1831 | D:3      | Bought a scroll of identify for 26 gold pieces
  1831 | D:3      | Bought a scroll of identify for 26 gold pieces
  1831 | D:3      | Bought a scroll of identify for 26 gold pieces
  1831 | D:3      | Bought a scroll of identify for 26 gold pieces
  2051 | D:4      | Reached skill level 4 in Shapeshifting
  2063 | D:4      | Reached skill level 3 in Dodging
  2063 | D:4      | Reached XP level 6. HP: 35/39 MP: 5/7
  2409 | D:4      | You fall into a shaft and drop 1 floor!
  2409 | D:5      | Entered Level 5 of the Dungeon
  2414 | D:5      | Noticed a water moccasin
  2419 | D:5      | Killed a water moccasin
  2420 | D:5      | Reached skill level 2 in Invocations
  2531 | D:5      | Reached XP level 7. HP: 23/45 MP: 3/8
  2566 | D:5      | Found a sand-covered staircase.
  2571 | Ossuary  | Entered an ossuary
  2674 | Ossuary  | Reached skill level 5 in Unarmed Combat
  2836 | Ossuary  | Reached skill level 3 in Fighting
  2862 | Ossuary  | Reached *** piety under Qazlal
  2890 | Ossuary  | Reached skill level 5 in Shapeshifting
  2921 | Ossuary  | Reached skill level 3 in Invocations
  2921 | Ossuary  | Reached XP level 8. HP: 49/52 MP: 10/10
  2926 | Ossuary  | Reached skill level 4 in Dodging
  3071 | D:5      | Found a white marble altar of Elyvilon.
  3125 | D:5      | Found a shimmering altar of Xom.
  3477 | D:4      | Reached **** piety under Qazlal
  3685 | D:6      | Found a staircase to the Ecumenical Temple.
  3744 | D:6      | Reached skill level 6 in Unarmed Combat
  3980 | D:6      | Reached skill level 4 in Fighting
  3991 | D:6      | Reached skill level 6 in Shapeshifting
  4001 | D:6      | Reached skill level 4 in Invocations
  4090 | D:6      | HP: 1/54 [wyvern zombie (11)]
  4276 | D:6      | Reached XP level 9. HP: 50/58 MP: 9/12
  4476 | D:6      | Found an opulent altar of Gozag.
  4479 | D:6      | Found a glowing silver altar of Zin.
  4718 | D:6      | Reached skill level 5 in Dodging
  4718 | D:6      | Reached skill level 7 in Unarmed Combat
  4718 | D:6      | Found a basalt altar of Yredelemnul.
  4804 | D:7      | Found a flagged portal.
  4819 | Bailey   | Entered a bailey
  4828 | Bailey   | Slain by an ogre

Illustrated notes

Levels and vault maps discovered:
D:1:      wander_arrival_desolate, layout_loops_ring,
          hellmonk_ecumenical_altar_lost_god
D:2:      layout_loops_ring, uniq_terence
D:3:      layout_basic, nicolae_dithmenos_through_a_glass_darkly,
          ebering_ghost_sewer_f, serial_shops, nicolae_shop_rolled_up,
          grunt_decor_clamped
D:4:      layout_basic
D:5:      layout_cave_pools, nicolae_elyvilon_peaceful_grove, xom_teletrap_fun,
          enter_ossuary_2
D:6:      minmay_recursive_quarters, layout_cave_pools,
          grunt_temple_overflow_gold_and_silver,
          lemuel_mausoleum_altar_yredelemnul, minmay_temple_entry_butterflies,
          serial_column_ruins, column_ruins_open_tiny, column_ruins_grid_1,
          column_ruins_open_medium, column_ruins_corridor_dead_end,
          hangedman_decor_slide_cut
D:7:      layout_loops_ring, kennysheep_little_box, enter_bailey_5
Bailey:   bailey_polearm_enchanted_keep_hellmonk, bailey

Skill      XL: |  1  2  3  4  5  6  7  8  9 |
---------------+----------------------------+-----
Fighting       | 2 3 4 |  4.6
Unarmed Combat | 4 5 6 7 |  7.2
Invocations    | 1 2 3 4 |  4.6
Shapeshifting  | 4 5 6 |  6.6
Dodging        | 3 4 5 |  5.1

Action                     |  1- 3 |  4- 6 |  7- 9 || total
---------------------------+-------+-------+-------++-------
  Melee: Unarmed           |    44 |   104 |   199 ||   347
         Constrict         |    13 |    28 |    58 ||    99
         Tentacles         |     7 |    25 |    57 ||    89
         Punch             |     1 |     8 |    11 ||    20
    Use: Scroll            |       |     7 |     2 ||     9
 Armour: Skin              |    16 |    34 |    88 ||   138
  Dodge: Dodged            |    21 |    45 |    96 ||   162
         Repelled          |       |       |     1 ||     1
  Block: Other             |     1 |     8 |    24 ||    33

Table legend: (Time is in decaauts)
 A = Elapsed time spent in this place.
 B = Non-inter-level travel time spent in this place.
 C = Inter-level travel time spent in this place.
 D = Time resting spent in this place.
 E = Time spent auto-exploring this place.
 F = Levels seen in this place.
 G = Mean time per level.
                   A        B        C        D        E       F      G
               +--------+--------+--------+--------+--------+-----+--------+
         Total |   4795 |   4600 |    195 |    608 |   3064 |   9 |  532.8 |
       Dungeon |   4352 |   4157 |    195 |    352 |   3028 |   7 |  621.7 |
       Ossuary |    434 |    434 |      0 |    256 |     35 |   1 |  434.0 |
        Bailey |      8 |      8 |      0 |      0 |      1 |   1 |    8.0 |
               +--------+--------+--------+--------+--------+-----+--------+

Top non-repeatable levels by time:
     D:6: 912 daAuts
     D:3: 854 daAuts
     D:4: 704 daAuts
     D:5: 648 daAuts
     D:2: 600 daAuts
     D:1: 575 daAuts
 Ossuary: 434 daAuts
     D:7: 57 daAuts
  Bailey: 8 daAuts
